 Dungeon Crawl Stone Soup version 0.29-a0-393-g47a863cc1b (webtiles) character file.

Game seed: 12230261517993277367

4725 dolemite99 the Carver (level 10, -1/180 HPs)
             Began as a Minotaur Fighter on May 9, 2022.
             Was a Priest of Hepliaklqana.
             Slain by a manticore (10 damage)
             ... on level 8 of the Dungeon.
             The game lasted 00:08:50 (6586 turns).

dolemite99 the Carver (Minotaur Fighter)            Turns: 6586, Time: 00:08:51

Health: -1/180     AC: 25    Str: 22    XL:     10   Next: 22%
Magic:  9/9        EV:  2    Int:  5    God:    Hepliaklqana [***...]
Gold:   282        SH:  5    Dex: 17    Spells: 9/9 levels left

rFire   . . .      SeeInvis .   b - +12 falchion "Komadon" {pain, rPois Dex+4}
rCold   . . .      Faith    .   c - +0 buckler
rNeg    . . .      Spirit   .   (body armour currently unavailable)
rPois   +          Reflect  .   (helmet currently unavailable)
rElec   .          Harm     .   (cloak currently unavailable)
rCorr   .          Rampage  .   (gloves currently unavailable)
Will    .....      NoTele   +   (boots currently unavailable)
Stlth   ..........              (no amulet)
HPRegen 0.40/turn               (no ring)
MPRegen 0.11/turn               (no ring)

@: berserking, tree-form (expiring), hasted, very quick
A: stationary, stasis, torment immunity, boosted hp, reduced essence, (horns 2),
(retaliatory headbutt)
a: Renounce Religion, Recall Ancestor, Ancestor Identity, Transference


You were on level 8 of the Dungeon.
You worshipped Hepliaklqana.
Hepliaklqana was most pleased with you.
You were a tree.
You visited 1 branch of the dungeon, and saw 8 of its levels.

You collected 282 gold pieces.

Inventory:

Hand Weapons
 a - a +1 trident
 b - the +12 falchion "Komadon" (weapon) {pain, rPois Dex+4}
   (You found it on level 4 of the Dungeon)

   In the hands of one skilled in necromantic magic, it inflicts extra damage on
   living creatures.
   Dex:       It affects your dexterity (+4).
   rPois:     It protects you from poison.
 H - a +0 dagger
Missiles
 q - 147 stones
 C - 3 boomerangs
 I - 3 javelins
 J - 8 poisoned darts
Armour
 c - a +0 buckler (worn)
 o - a +0 pair of gloves (melded)
 u - a +0 scale mail
 x - a +0 pair of boots
 E - the +5 pair of boots "Gippeeni" (melded) {SInv}
   (You found it on level 6 of the Dungeon)

   SInv:      It lets you see invisible.
 G - a +1 chain mail of fire resistance (melded)
Magical Staves
 n - a staff of cold
 B - a staff of earth
Jewellery
 g - a ring of willpower
 h - a +6 ring of dexterity
 y - a ring of magical power
 K - a ring of flight
Wands
 z - a wand of polymorph (14)
 A - a wand of iceblast (10)
 F - a wand of flame (14)
 M - a wand of paralysis (7)
Scrolls
 e - 3 scrolls of blinking
 p - a scroll of poison
 w - 3 scrolls of teleportation
 L - a scroll of silence {unknown}
Potions
 f - 3 potions of resistance
 j - 2 potions of haste
 k - a potion of attraction {unknown}
 l - 3 potions of lignification
 m - a potion of berserk rage
 r - a potion of mutation {unknown}
 s - 2 potions of degeneration {unknown}
 t - 2 potions of brilliance {unknown}
 v - 3 potions of flight {unknown}
 D - a potion of magic {unknown}


   Skills:
 + Level 8.3 Fighting
 - Level 14.0 Long Blades
 - Level 6.7 Polearms
 - Level 0.5(4.2) Staves
 - Level 3.6 Armour
 - Level 3.6 Shields
 - Level 0.1 Spellcasting
 - Level 3.4 Evocations


You had 9 spell levels left.
You didn't know any spells.
Your spell library contained the following spells:

 Spells                   Type           Power      Damage    Failure   Level
 Sting                    Tmut/Pois      0%         1d3       56%         1
 Poisonous Vapours        Pois/Air       0%         N/A       71%         2
 Scorch                   Fire           0%         2d5       71%         2
 Sublimation of Blood     Necr           0%         N/A       71%         2
 Wereblood                Tmut           0%         N/A       71%         2
 Frozen Ramparts          Ice            0%         1d2       91%         3
 Flame Wave               Conj/Fire      0%         2d4       100%        4
 Ice Form                 Ice/Tmut       0%         N/A       100%        4
 Olgreb's Toxic Radiance  Pois           0%         N/A       100%        4
 Summon Ice Beast         Ice/Summ       0%         N/A       100%        4
 Summon Cactus Giant      Summ           0%         N/A       100%        6
 Summon Hydra             Summ           0%         N/A       100%        7


Dungeon Overview and Level Annotations

Branches:
Dungeon (8/15)             Temple (0/1) D:6
   Lair: D:8-11

Altars:
Cheibriados
Elyvilon
Hepliaklqana
Kikubaaqudgha
Vehumet


Innate Abilities, Weirdness & Mutations

You are a tree.
Your roots penetrate the ground, keeping you stationary.
You cannot be teleported.
You are immune to unholy pain and torment.
Your maximum health is greatly increased.
Your equipment is partially melded.
Your life essence is reduced to manifest your ancestor. (-10% HP)
((You have a pair of horns on your head.))
((You reflexively headbutt those who attack you in melee.))


Message History

The acid dragon spits acid at you.
The splash of acid hits something!!
The acid corrodes something!
Reactivating autopickup.
You slice the skeletal warrior!!
The skeletal warrior is severely damaged.
The centaur hits you but does no damage.
The centaur kicks you but does no damage.
You hit the skeletal warrior.
The skeletal warrior is severely damaged.
The skeletal warrior completely misses you.
You block the gnoll sergeant's attack. The wight hits you but does no damage.
The centaur hits you but does no damage.
The centaur kicks you but does no damage.
You slash the skeletal warrior!
The skeletal warrior is almost destroyed.
You slash the skeletal warrior!
You destroy the skeletal warrior!
You block the centaur's attack.
The centaur kicks you but does no damage.
The wight hits you with a +0 war axe of electrocution!
* * * LOW HITPOINT WARNING * * *
You feel drained.
* * * LOW HITPOINT WARNING * * *
You block the gnoll sergeant's attack. You block the acid dragon's attack.
The acid dragon claws you.
* * * LOW HITPOINT WARNING * * *
Your life force feels restored.
Your Fighting skill increases to level 8!
You hit the centaur.
The centaur is almost dead.
The centaur hits you but does no damage.
The centaur kicks you but does no damage.
You are too berserk!
Unknown command.
You slice the manticore!!
The manticore is heavily wounded.
The acid dragon barely misses you.
The acid dragon claws you but does no damage.
You block the manticore's attack. The manticore claws you!
You die...

....... ## #####.. ...
##.#+#######.. ...#
..........##' .....
#.........##. .....##
#.........##. .......
#.........##.
.....KH#####.........##.
#$?..Kc♣..##.........##.
#!)...zD.............##.
.....g.#######'########.
....... #.## #. .....##
#..# ###. .....
#######.# #... .$/#
###....##.## #... .$)
#..........# #...
#..........## ###+


You could see a manticore, an acid dragon, 2 kobold brigands, a gnoll sergeant,
a centaur and a wight.

Vanquished Creatures
  A skeletal warrior (D:8)
  A wyvern (D:8)
  4 yaks
  A steam dragon (D:8)
  A vampire mosquito (D:8)
  An orc warrior (D:7)
  An ice beast (D:7)
  A black bear (D:5)
  3 sky beasts
  An ogre (D:4)
  A phantom (D:6)
  A gnoll sergeant (D:8)
  2 bullfrogs (D:7)
  3 scorpions
  A killer bee (D:8)
  3 howler monkeys
  2 hounds
  5 orc priests
  An iron imp (D:3)
  An iguana (D:5)
  4 orc wizards
  3 hound zombies (D:4)
  9 gnolls
  A river rat (D:4)
  An adder (D:2)
  An ufetubus (D:6)
  2 adder zombies (D:4)
  An adder skeleton (D:4)
  5 worms
  3 dart slugs
  22 orcs
  5 endoplasms
  2 giant cockroaches
  5 goblins
  A hobgoblin (D:4)
  5 jackals
  4 quokkas
  7 ball pythons
  5 bats
  3 frilled lizards
  A jackal skeleton (D:4)
  A kobold (D:8)
  6 rats
132 creatures vanquished.

Vanquished Creatures (collateral kills)
  The ghost of OTABOTABOTAB the Destroyer, a novice DECj of Vehumet (D:5)
  A troll (shapeshifter) (D:8)
  A yak (D:6)
  Eustachio (D:4)
  Blork the orc (D:6)
  4 scorpions
  2 howler monkeys
  A hound (D:6)
  An iguana (D:5)
  3 orc wizards
  A hound zombie (D:4)
  6 gnolls
  2 white imps
  An ufetubus (D:6)
  19 orcs
  An endoplasm (D:4)
  2 jackals (D:4)
  A kobold (D:4)
49 creatures vanquished.

Vanquished Creatures (others)
  An orc wizard (D:8)
  2 battlemagi
  3 withered plants (D:4)
6 creatures vanquished.

Grand Total: 187 creatures vanquished

Notes
Turn   | Place    | Note
-------+----------+-------------------------------------------
     0 | D:1      | dolemite99 the Minotaur Fighter began the quest for the
                  | Orb.
     0 | D:1      | Reached XP level 1. HP: 19/19 MP: 0/0
   404 | D:1      | Reached XP level 2. HP: 26/26 MP: 1/1
   952 | D:2      | Reached XP level 3. HP: 22/31 MP: 2/2
  1208 | D:2      | Found a hazy altar of Hepliaklqana.
  1214 | D:2      | Became a worshipper of Hepliaklqana the Forgotten
  1422 | D:2      | Noticed a scorpion
  1425 | D:2      | Killed a scorpion
  1426 | D:2      | Reached skill level 5 in Polearms
  1426 | D:2      | Reached XP level 4. HP: 39/39 MP: 3/3
  1552 | D:3      | Found a snail-covered altar of Cheibriados.
  1559 | D:3      | Reached XP level 5. HP: 41/45 MP: 4/4
  1896 | D:3      | Reached * piety under Hepliaklqana
  2072 | D:3      | Reached skill level 1 in Evocations
  2494 | D:4      | Noticed Eustachio
  2509 | D:4      | Killed Eustachio
  2510 | D:4      | Reached XP level 6. HP: 25/45 MP: 5/5
  2877 | D:4      | Identified the +12 falchion "Komadon" {pain, rPois Dex+4}
  2893 | D:4      | Reached skill level 2 in Long Blades
  2932 | D:4      | Reached skill level 3 in Long Blades
  3074 | D:4      | Reached XP level 7. HP: 51/51 MP: 6/6
  3327 | D:4      | Reached ** piety under Hepliaklqana
  3328 | D:4      | Remembered your ancestor Ahmose as a battlemage
  3362 | D:4      | Found a hazy altar of Hepliaklqana.
  3454 | D:5      | Entered Level 5 of the Dungeon
  3461 | D:5      | Reached skill level 4 in Long Blades
  3642 | D:5      | Reached skill level 5 in Long Blades
  3712 | D:5      | Found an ancient bone altar of Kikubaaqudgha.
  3723 | D:5      | Reached skill level 6 in Long Blades
  3925 | D:5      | Found a runed translucent door.
  3925 | D:5      | Noticed OTABOTABOTAB's ghost (novice DECj)
  3953 | D:5      | Reached skill level 7 in Long Blades
  4500 | D:5      | Killed OTABOTABOTAB's ghost
  4501 | D:5      | Reached skill level 8 in Long Blades
  4501 | D:5      | Reached XP level 8. HP: 49/57 MP: 7/7
  4579 | D:6      | Reached skill level 9 in Long Blades
  4725 | D:6      | Reached skill level 10 in Long Blades
  4733 | D:6      | Identified the +2 leather armour of Complete Protection
                  | {rPois Regen+ Slay-6 Stlth+}
  4786 | D:6      | Noticed Blork the orc
  4791 | D:6      | Killed Blork the orc
  4805 | D:6      | Found a white marble altar of Elyvilon.
  4837 | D:6      | Reached skill level 11 in Long Blades
  4849 | D:6      | Reached XP level 9. HP: 36/63 MP: 8/8
  4854 | D:6      | Reached skill level 12 in Long Blades
  5002 | D:6      | Found a staircase to the Ecumenical Temple.
  5137 | D:6      | Identified the +5 pair of boots "Gippeeni" {SInv}
  5610 | D:7      | Found a radiant altar of Vehumet.
  5616 | D:7      | Reached *** piety under Hepliaklqana
  5671 | D:7      | Reached skill level 13 in Long Blades
  6166 | D:8      | Noticed a troll
  6166 | D:8      | a culicivora changed into a troll
  6170 | D:8      | Killed a troll
  6171 | D:8      | Reached skill level 14 in Long Blades
  6228 | D:8      | Reached skill level 5 in Fighting
  6550 | D:8      | Noticed a manticore
  6550 | D:8      | Noticed a skeletal warrior
  6556 | D:8      | Reached XP level 10. HP: 52/75 MP: 9/9
  6584 | D:8      | Killed a skeletal warrior
  6584 | D:8      | HP: 8/168 [acid dragon (4)]
  6586 | D:8      | Slain by a manticore

Illustrated notes

Levels and vault maps discovered:
D:1:      minmay_arrival_glassed_features, layout_loops_corners,
          chequers_serial_rivers_large_a
D:2:      layout_rooms, basic_altar, chequers_serial_rivers_small_b
D:3:      layout_basic, chei_slow_surprise, amcnicky_mini_corridor_feature
D:4:      layout_loops_ring, mainiacjoe_overflow_24_doors, portal_sewer_entry_e,
          serial_undead, serial_undead_a, serial_undead_c, serial_undead_c,
          serial_undead_d, serial_undead_e, serial_undead_a,
          nicolae_concentric_dashed_squares_wild, uniq_eustachio
D:5:      layout_cave_pods, mainiacjoe_overflow_chevrons,
          hellmonk_ghost_happy_afterlife, serial_glass, glass_columns_c,
          glass_columns_a, kennysheep_cross_bottleneck
D:6:      layout_rooms, lemuel_coloured_pillars_altar,
          minmay_temple_entry_ruins, uniq_blork_the_orc
D:7:      layout_rooms, nicolae_vehumet_radiance
D:8:      minmay_bloctagon, layout_basic, hex_tiny

Skill      XL: |  1  2  3  4  5  6  7  8  9 10 |
---------------+-------------------------------+-----
Polearms       | 3 4 5 6 |  6.7
Evocations     | 3 |  3.4
Long Blades    | 3 8 11 14 | 14.0
Fighting       | 6 8 |  8.3
Staves         | |  0.5
Armour         | |  3.6
Shields        | |  3.6
Spellcasting   | |  0.1

Action                   |  1- 3 |  4- 6 |  7- 9 | 10-12 || total
-------------------------+-------+-------+-------+-------++-------
Melee: Trident           |    94 |    48 |       |       ||   142
       Headbutt          |     6 |     6 |    22 |       ||    34
       Falchion          |       |     8 |   153 |    26 ||   187
Invok: Ancestor Life: Ba |       |       |     1 |       ||     1
Evoke: Wand              |       |    26 |       |       ||    26
  Use: Scroll            |     1 |     4 |     8 |       ||    13
       Potion            |       |     1 |     5 |     5 ||    11
 Stab: Distracted        |       |       |     3 |       ||     3
Armor: Scale mail        |    25 |    12 |    37 |       ||    74
       Chain mail        |       |       |    32 |       ||    32
       Skin              |       |       |    27 |    68 ||    95
Dodge: Dodged            |    27 |    27 |    60 |    11 ||   125
Block: Buckler           |    13 |    10 |    34 |    25 ||    82

Table legend: (Time is in decaauts)
 A = Elapsed time spent in this place.
 B = Non-inter-level travel time spent in this place.
 C = Inter-level travel time spent in this place.
 D = Time resting spent in this place.
 E = Time spent auto-exploring this place.
 F = Levels seen in this place.
 G = Mean time per level.
                   A        B        C        D        E       F      G
               +--------+--------+--------+--------+--------+-----+--------+
         Total |   6584 |   6238 |    346 |    481 |   4593 |   8 |  823.0 |
       Dungeon |   6584 |   6238 |    346 |    481 |   4593 |   8 |  823.0 |
               +--------+--------+--------+--------+--------+-----+--------+

Top non-repeatable levels by time:
     D:5: 1243 daAuts
     D:3: 1074 daAuts
     D:4: 1025 daAuts
     D:1: 897 daAuts
     D:6: 722 daAuts
     D:2: 655 daAuts
     D:7: 561 daAuts
     D:8: 404 daAuts
